 Dungeon Crawl Stone Soup version 0.29.0-13-gc9e81de378 (webtiles) character file.

Game seed: 8865691031889337344

1052 Ge0ff the Sneak (level 8, 0/44 HPs)
             Began as a Kobold Hedge Wizard on Sept 8, 2022.
             Slain by a yak (10 damage)
             ... on level 6 of the Dungeon.
             The game lasted 00:10:19 (6625 turns).

Ge0ff the Sneak (Kobold Hedge Wizard)               Turns: 6625, Time: 00:10:20

Health: 0/44       AC:  5    Str:  8    XL:     8   Next: 50%
Magic:  14/14      EV: 15    Int: 17    God:
Gold:   208        SH:  0    Dex: 14    Spells: 7/15 levels left

rFire   . . .      SeeInvis .   a - +2 dagger (freeze)
rCold   + + .      Faith    .   (no shield)
rNeg    . . .      Spirit   .   b - +0 robe
rPois   .          Reflect  .   S - +2 helmet of Qasin {rC++}
rElec   .          Harm     .   (no cloak)
rCorr   .          Rampage  .   (no gloves)
Will    .....                   (no boots)
Stlth   ++........              (no amulet)
HPRegen 0.14/turn               (no ring)
MPRegen 0.14/turn               (no ring)

@: confused, ambrosia-drunk, on blink cooldown
A: small, no large weapons, nightstalker 3
a: no special abilities


You were on level 6 of the Dungeon.
You visited 1 branch of the dungeon, and saw 6 of its levels.

You collected 208 gold pieces.

Inventory:

Hand Weapons
 a - a +2 dagger of freezing (weapon)
Missiles
 T - 2 datura-tipped darts {=F}
 X - 21 poisoned darts
 Y - 54 stones
 Z - a boomerang
Armour
 b - a +0 robe (worn)
 c - a +0 hat
 S - the +2 helmet of Qasin (worn) {rC++}
   (You found it on level 5 of the Dungeon)

   rC:        It greatly protects you from cold.
 U - a scarf of harm
Wands
 f - a wand of flame (14)
 r - a wand of roots (7)
Scrolls
 i - a scroll of identify
 y - a scroll of immolation
 C - a scroll of poison
Potions
 o - a potion of ambrosia
 u - 2 potions of mutation {!q}
 z - a potion of brilliance
 K - a potion of magic {!q}
 M - a potion of might
 R - a potion of resistance


   Skills:
 - Level 2.0 Fighting
 + Level 4.5 Short Blades
 - Level 3.0 Dodging
 - Level 5.0 Stealth
 - Level 4.0 Spellcasting
 - Level 3.0 Conjurations
 - Level 3.0 Summonings
 - Level 3.0 Translocations
 - Level 3.0 Air Magic
 - Level 3.0 Poison Magic
 + Level 2.5 Evocations


You had 7 spell levels left.
You knew the following spells:

 Your Spells              Type           Power      Damage    Failure   Level
c - Blink                 Tloc           26%        N/A       7%          2
f - Mephitic Cloud        Conj/Pois/Air  13%        N/A       14%         3
k - Magic Dart            Conj           52%        1d5       4%          1
s - Call Imp              Summ           13%        N/A       7%          2

Your spell library contained the following spells:

 Spells                   Type           Power      Damage    Failure   Level
 Apportation              Tloc           26%        N/A       4%          1
 Summon Small Mammal      Summ           52%        N/A       4%          1
 Gell's Gravitas          Tloc           13%        N/A       14%         3
 Lesser Beckoning         Tloc           13%        N/A       14%         3
 Teleport Other           Tloc           13%        N/A       14%         3
 Necrotise                Necr           12%        1d4       16%         1
 Slow                     Hex            12%        N/A       16%         1
 Conjure Flame            Conj/Fire      8%         6-21      26%         3
 Leda's Liquefaction      Hex/Erth       1%         N/A       83%         4
 Lee's Rapid Deconstruct  Erth           1%         3d5*      99%         5
 Statue Form              Tmut/Erth      2%         N/A       100%        6


Dungeon Overview and Level Annotations

Branches:
Dungeon (6/15) Zot: 26641
 Temple: D:4-7

Altars:
Cheibriados
Ru


Innate Abilities, Weirdness & Mutations

You are small and have problems with some larger weapons.
You are completely attuned to the shadows.


Message History

Casting: Mephitic Cloud (dangerous; 16% risk of failure)
Confirm with . or Enter, or press ? or * to list all spells.
You blink.
The yak bellows!
The grasping roots constrict the yak.
You kill the yak!
The yak closely misses you.
Training target 3.0 for Translocations reached!
Training target 3.0 for Poison Magic reached!
Training target 3.0 for Air Magic reached!
Your Short Blades skill increases to level 4!
Your Translocations skill increases to level 3!
Your Air Magic skill increases to level 3!
Your Poison Magic skill increases to level 3!
Your Evocations skill increases to level 2!
Really quaff
W - a potion of heal wounds {!q}?
You feel much better. The yak gores you but does no damage. The yak gores you.
The yak barely misses you. The yak gores you!
Really quaff
K - 2 potions of magic {!q}?
Magic courses through your body. The yak misses you.
Casting: Blink (safe; 7% risk of failure)
Confirm with . or Enter, or press ? or * to list all spells.
You are still too unstable to blink.
The yak attacks as you move away! The yak misses you.
The yak completely misses you.
You feel stable enough to blink again.
Casting: Blink (safe; 7% risk of failure)
Confirm with . or Enter, or press ? or * to list all spells.
You blink.
The yak gores you. The yak barely misses you. The yak gores you!
The yak attacks as you move away! The yak gores you!
* * * LOW HITPOINT WARNING * * *
Okay, then.
The yak is no longer blind.
Casting: Blink (safe; 7% risk of failure)
Confirm with . or Enter, or press ? or * to list all spells.
Okay, then.
You feel stable enough to blink again.
Casting: Blink (safe; 7% risk of failure)
Confirm with . or Enter, or press ? or * to list all spells.
You blink.
The yak gores you but does no damage. The yak completely misses you.
Okay, then.
You are confused.
You feel invigorated. The yak misses you. The yak closely misses you. x2
You're too confused to move!
The yak gores you.
* * * LOW HITPOINT WARNING * * *
The yak closely misses you. The yak gores you!
You die...

#...#.....#...###'##.....#
#..!#.....#...##..##.....#
#...#.....#...#....#.....#
#.....#...#....+.....#
#.....##+#######..####
#######...........#####
#.....'...........# .
#.....#.......YYY†# ..
#....##........@..#+###...
######.....#####..........
#...^.#...#..........
#.....#...'..........
#.....##..#..........
.<..##+####..#....###+##
....#.....)..#..÷.#
....+........+....#
....##'#######....#


You could see 3 yaks.

Vanquished Creatures
  3 yaks (D:6)
  2 ogres
  A phantom (D:5)
  2 hounds
  A jelly (D:5)
  An orc priest (D:5)
  Natasha (thrice) (D:4)
  3 adders
  A white imp (D:5)
  An ufetubus (D:3)
  3 worms
  3 dart slugs
  4 orcs
  4 ball pythons
  3 endoplasms
  3 giant cockroaches
  A goblin (D:1)
  5 hobgoblins
  5 quokkas
  4 bats
  8 kobolds
  6 rats
67 creatures vanquished.

Vanquished Creatures (collateral kills)
  An orc priest (D:5)
  An orc wizard (D:5)
  2 adders
  A dart slug (D:2)
  A worm (D:2)
  An orc (D:4)
  2 endoplasms (D:2)
  2 hobgoblins
  A kobold (D:4)
  A rat (D:3)
13 creatures vanquished.

Vanquished Creatures (others)
  4 plants (D:4)
4 creatures vanquished.

Grand Total: 84 creatures vanquished

Notes
Turn   | Place    | Note
-------+----------+-------------------------------------------
     0 | D:1      | Ge0ff the Kobold Hedge Wizard began the quest for the Orb.
     0 | D:1      | Reached XP level 1. HP: 10/10 MP: 4/4
    33 | D:1      | Found a faded altar of an unknown god.
   119 | D:1      | Reached skill level 1 in Short Blades
   269 | D:1      | Reached XP level 2. HP: 7/15 MP: 0/6
   504 | D:1      | Learned a level 2 spell: Call Imp
  1378 | D:1      | Reached XP level 3. HP: 19/19 MP: 7/7
  2154 | D:2      | Reached XP level 4. HP: 24/24 MP: 8/8
  2623 | D:2      | Learned a level 3 spell: Mephitic Cloud
  2893 | D:2      | Learned a level 2 spell: Blink
  3578 | D:3      | Reached XP level 5. HP: 28/28 MP: 10/10
  4097 | D:3      | Found a sacrificial altar of Ru.
  4529 | D:4      | Reached skill level 1 in Fighting
  4529 | D:4      | Reached skill level 3 in Stealth
  4729 | D:4      | Noticed Natasha
  4739 | D:4      | Killed Natasha
  4878 | D:4      | Noticed Natasha
  4886 | D:4      | Killed Natasha
  4887 | D:4      | Reached XP level 6. HP: 10/34 MP: 5/11
  5125 | D:4      | Noticed Natasha
  5129 | D:4      | Killed Natasha
  5130 | D:4      | Reached skill level 1 in Air Magic
  5130 | D:4      | Reached skill level 1 in Poison Magic
  5398 | D:4      | Found a snail-covered altar of Cheibriados.
  5430 | D:5      | Entered Level 5 of the Dungeon
  5434 | D:5      | Identified the +2 helmet of Qasin {rC++}
  5863 | D:5      | Reached XP level 7. HP: 39/39 MP: 12/12
  6101 | D:5      | Reached skill level 4 in Stealth
  6368 | D:6      | Noticed a yak
  6385 | D:6      | Noticed a yak
  6386 | D:6      | Killed a yak
  6387 | D:6      | Reached skill level 1 in Evocations
  6402 | D:6      | Reached XP level 8. HP: 23/44 MP: 5/14
  6569 | D:6      | Noticed a yak
  6595 | D:6      | Noticed a yak
  6595 | D:6      | Noticed a yak
  6610 | D:6      | Killed a yak
  6610 | D:6      | Noticed a yak
  6611 | D:6      | Reached skill level 5 in Stealth
  6611 | D:6      | Killed a yak
  6625 | D:6      | Slain by a yak

Illustrated notes

Levels and vault maps discovered:
D:1:      onia_arrival_mini_spirals, layout_basic,
          chequers_ecumenical_altar_grove, serial_bayou_lagoon_b
D:2:      layout_loops_ring, corexii_leaking_fountain
D:3:      layout_loops_cross, nicolae_ru_great_annihilating_truth
D:4:      layout_rooms, mainiacjoe_overflow_surrounded_room, serial_bayou,
          serial_bayou_pond_e, serial_bayou_ford_a, serial_bayou_pond_a,
          serial_bayou_crossing, uniq_natasha
D:5:      layout_cave_pools
D:6:      layout_gridville, minmay_temple_entry_glass, serial_shops,
          nicolae_square_shop, minmay_microvault

Skill      XL: |  1  2  3  4  5  6  7  8 |
---------------+-------------------------+-----
Short Blades   | 1 2 3 4 |  4.5
Summonings     | 2 3 |  3.0
Fighting       | 1 2 |  2.0
Stealth        | 3 4 5 |  5.0
Dodging        | 3 |  3.0
Air Magic      | 1 2 3 |  3.0
Poison Magic   | 1 2 3 |  3.0
Conjurations   | 2 3 |  3.0
Translocations | 2 3 |  3.0
Spellcasting   | 4 |  4.0
Evocations     | 1 2 |  2.5

Action                   |  1- 3 |  4- 6 |  7- 9 || total
-------------------------+-------+-------+-------++-------
Melee: Dagger            |    26 |   122 |    21 ||   169
       Punch             |       |     2 |     2 ||     4
 Cast: Magic Dart        |    21 |    11 |     1 ||    33
       Call Imp          |     4 |    24 |     2 ||    30
       Mephitic Cloud    |       |       |     4 ||     4
       Blink             |       |       |     5 ||     5
Evoke: Wand              |       |     4 |     5 ||     9
  Use: Scroll            |     5 |     9 |     2 ||    16
       Potion            |     1 |       |     3 ||     4
 Stab: Sleeping          |     6 |    20 |     5 ||    31
       Distracted        |       |     2 |       ||     2
       Paralysed         |       |     1 |       ||     1
       Confused          |       |       |     1 ||     1
Armor: Robe              |     6 |    10 |     4 ||    20
Dodge: Dodged            |    13 |    84 |    23 ||   120
